 Dungeon Crawl Stone Soup version 0.31-a0-569-g7ea453304b (webtiles) character file.

Game seed: 2664523729796610203

1357 Ethylacetat the Ducker (level 8, 0/57 HPs)
             Began as an Octopode Gladiator on Aug 18, 2023.
             Was an Initiate of Ashenzari.
             Slain by a centaur (7 damage)
             ... on level 5 of the Dungeon.
             The game lasted 00:08:11 (4409 turns).

Ethylacetat the Ducker (Octopode Gladiator)         Turns: 4409, Time: 00:08:12

Health: 0/57       AC:  1    Str: 19    XL:     8   Next: 64%
Magic:  23/23      EV: 16    Int: 14    God:    Ashenzari [......]
Gold:   189        SH:  0    Dex: 14    Spells: 7/7 levels left

rFire   + .          .
                       - Unarmed
rCold   . . .        (no shield)
rNeg    . . .        a - +0 hat
rPois   .            k
                       - Hermit's Pendant {Faith Invo=14 Evo=0 MP+5}
rElec   .            l - +6 ring of strength
rCorr   .            y - ring of protection from fire
SInv    .            (no ring)
Will    .....        (no ring)
Stlth   ++           (no ring)
HPRegen 0.29/turn    (no ring)
MPRegen 0.18/turn    (no ring)
                     (no ring)

%: clarity, faith
@: invisible
A: almost no armour, amphibious, 8 rings, camouflage 1, gelatinous body 1,
(nimble swimmer 1), tentacles, clarity, clever 1, subdued magic 1
a: Renounce Religion


You were on level 5 of the Dungeon.
You worshipped Ashenzari.
Ashenzari was noncommittal.
You visited 1 branch of the dungeon, and saw 5 of its levels.
You also visited: Sewer.

You collected 189 gold pieces.

Inventory:

Missiles
 b - 4 throwing nets (quivered)
 c - a javelin
 x - 3 silver javelins
Armour
 a - a +0 hat (worn)
Jewellery
 k - the Hermit's Pendant (around mantle) {Faith Invo=14 Evo=0 MP+5}
   (You found it on level 2 of the Dungeon)

   [amulet of faith]

   Invo=14: It sets your Invocations skill to 14.
   Evo=0: It sets your Evocations skill to 0.
   Faith:     It allows you to gain divine favour quickly.
   MP+5:      It affects your magic capacity (+5).
 l - a +6 ring of strength (left tentacle)
 y - a ring of protection from fire (right tentacle)
Wands
 v - a wand of mindburst (12)
Scrolls
 d - a scroll of torment {unknown}
 e - 8 scrolls of identify {unknown}
 f - 4 scrolls of revelation {unknown}
 h - a scroll of blinking {unknown}
 i - 2 scrolls of silence {unknown}
 j - a scroll of vulnerability {unknown}
 m - 2 scrolls of immolation {unknown}
 q - a scroll of teleportation {unknown}
 w - a scroll of fear {unknown}
Potions
 g - a potion of curing
 n - a potion of lignification {unknown}
 o - a potion of attraction {unknown}
 p - 2 potions of invisibility
 r - a potion of heal wounds {unknown}
 s - 2 potions of mutation
 t - a potion of haste {unknown}
 u - a potion of might {unknown}
 z - a potion of degeneration {unknown}


   Skills:
 + Level 6.3 Fighting
 - Level 2.0 Throwing
 + Level 6.6 Dodging
 + Level 6.6 Unarmed Combat


You had 7 spell levels left.
You didn't know any spells.
Your spell library contained the following spells:

 Spells                   Type           Power      Damage    Failure   Level
 Malign Gateway           Summ/Tloc      0%         N/A       100%        7
 Summon Horrible Things   Summ           0%         N/A       100%        8


Dungeon Overview and Level Annotations

Branches:
Dungeon (5/15)              Sewer (visited)
 Temple: D:4-7

Altars:
Ashenzari
Fedhas

Shops:
D:4 (


Innate Abilities, Weirdness & Mutations

You cannot wear most types of armour.
You are amphibious.
You can wear up to eight rings at the same time.
Your skin changes colour to match your surroundings (Stealth+).
Your rubbery body absorbs attacks. (AC +1, EV +1)
((You are camouflaged when in or above water. (Stealth+)))
You have tentacles for arms and can constrict up to eight enemies at once.
You possess an exceptional clarity of mind.
Your mind is acute. (Int +4, Str/Dex -1)
Your spells are a little easier to cast, but a little less powerful.


Message History

You are too injured to fight recklessly!
You tentacle-slap the ogre. Your squeeze misses the ogre.
The ogre is almost dead.
You tentacle-slap the ogre but do no damage.
You squeeze the ogre.
You kill the ogre!
The centaur shoots an arrow.
The arrow completely misses you. The orc completely misses you.
The centaur unwields a +0 orcbow.
The centaur closely misses you. The centaur kicks you.
* * * LOW HITPOINT WARNING * * *
The orc hits you with a +0 dagger.
* * * LOW HITPOINT WARNING * * *
The centaur misses you. The centaur barely misses you.
You see here a +0 giant club.
It was a potion of invisibility.
You fade into invisibility!
The orc hits you with a +0 dagger.
* * * LOW HITPOINT WARNING * * *
The centaur completely misses you. x2
It was a potion of mutation.
You feel extremely strange.
Your connection to magic feels subdued.
Your thoughts seem clearer.
You feel clever. The centaur completely misses you. The centaur kicks you.
* * * LOW HITPOINT WARNING * * *
The orc closely misses you. The centaur hits you.
* * * LOW HITPOINT WARNING * * *
The centaur kicks you.
* * * LOW HITPOINT WARNING * * *
It was a potion of curing.
You feel better. The orc hits you with a +0 dagger.
* * * LOW HITPOINT WARNING * * *
The centaur completely misses you. The centaur closely misses you.
You barely miss the orc. Your grab misses the orc.
The centaur closely misses you. The centaur completely misses you.
The orc hits you but does no damage. The centaur completely misses you.
The centaur barely misses you.
You tentacle-slap the orc. Your grab misses the orc.
The orc is heavily wounded.
The orc misses you. The centaur hits you!
You die...

#..........##.#
##.........#
#######....##.##
##.......##
##.......#
##......#
##......###
##....##
##.......##
##.###
####.....## ###
##.....##
#......##
#..@o...#
#..c.....#
#.........#
...........#
♣♣#.........#
#.........#
#....######
#...##


You could see a centaur (unable to see you) and an orc (unable to see you).

Vanquished Creatures
  A water moccasin (D:4)
  An ogre (D:5)
  2 phantoms
  6 kobold brigands (Sewer)
  A bullfrog (D:4)
  2 scorpions (D:4)
  2 hounds
  2 iguanas
  2 orc wizards (D:4)
  3 gnolls (D:3)
  A river rat (D:3)
  7 adders
  An ufetubus (D:4)
  4 worms
  A dart slug (D:3)
  20 orcs
  7 endoplasms
  5 giant cockroaches
  8 goblins
  7 hobgoblins
  6 jackals
  19 kobolds
  4 quokkas
  3 training dummies (D:4)
  15 ball pythons
  8 bats
  A frilled lizard (D:3)
  3 rats
142 creatures vanquished.

Notes
Turn   | Place    | Note
-------+----------+-------------------------------------------
     0 | D:1      | Ethylacetat the Octopode Gladiator began the quest for the
                  | Orb.
     0 | D:1      | Reached XP level 1. HP: 14/14 MP: 1/1
   159 | D:1      | Reached XP level 2. HP: 19/19 MP: 2/2
   506 | D:1      | Reached XP level 3. HP: 20/25 MP: 3/3
   735 | D:2      | Found the Hermit's Pendant {Faith Invo=14 Evo=0 MP+5}
  1031 | D:2      | Reached XP level 4. HP: 30/30 MP: 13/13
  1549 | D:3      | Identified the +1 scale mail "Akaf" {Dex+2 Stlth+}
  1741 | D:3      | Reached XP level 5. HP: 12/36 MP: 14/14
  1748 | D:3      | Found a glowing drain.
  1764 | Sewer    | Entered a sewer
  1920 | Sewer    | Noticed a kobold brigand
  1935 | Sewer    | Killed a kobold brigand
  2099 | Sewer    | Noticed a kobold brigand
  2127 | Sewer    | Killed a kobold brigand
  2128 | Sewer    | Reached XP level 6. HP: 14/43 MP: 16/16
  2474 | Sewer    | Reached skill level 5 in Dodging
  2474 | Sewer    | Reached skill level 5 in Unarmed Combat
  2474 | Sewer    | Reached XP level 7. HP: 49/49 MP: 17/17
  2964 | D:4      | Reached skill level 5 in Fighting
  3101 | D:4      | Found a blossoming altar of Fedhas.
  3165 | D:4      | Found a broken altar of Ashenzari.
  3181 | D:4      | Reached XP level 8. HP: 56/56 MP: 18/18
  3248 | D:4      | Identified the +6 glaive "Syraanwy" {freeze, rC- Str+6}
  3361 | D:4      | Found Xifuwk's Firing Range.
  3946 | D:4      | Became a worshipper of Ashenzari the Shackled
  3966 | D:5      | Entered Level 5 of the Dungeon
  4406 | D:5      | Gained mutation: Your spells are a little easier to cast,
                  | but a little less powerful. [potion of mutation]
  4406 | D:5      | Gained mutation: You possess an exceptional clarity of
                  | mind. [potion of mutation]
  4406 | D:5      | Gained mutation: Your mind is acute. (Int +4, Str/Dex -1)
                  | [potion of mutation]
  4409 | D:5      | Slain by a centaur

Illustrated notes

Levels and vault maps discovered:
D:1:      elethiomel_arrival_infinity_welcomes_careful_drivers, layout_rooms,
          hangedman_decor_growths
D:2:      layout_basic, dreamdust_princess_bridge
D:3:      layout_loops_cross, cheibrodos_sewer_entry_sluice,
          kennysheep_generic_room_15
D:4:      layout_loops_ring, kennysheep_little_box,
          ashenzari_conservatory_becter, nicolae_shop_firing_range
D:5:      kb_forest_paths, layout_cave_pods, nemelex_diamond_rough_becter

Skill      XL: |  1  2  3  4  5  6  7  8 |
---------------+-------------------------+-----
Fighting       | 3 4 5 6 |  6.3
Dodging        | 4 5 6 |  6.6
Unarmed Combat | 4 5 6 |  6.6
Throwing       | |  2.0

Action                     |  1- 3 |  4- 6 |  7- 9 || total
---------------------------+-------+-------+-------++-------
  Melee: Unarmed           |    64 |   112 |   129 ||   305
         Constrict         |    16 |    35 |    34 ||    85
         Tentacles         |    12 |    18 |    31 ||    61
         Punch             |       |     4 |     4 ||     8
    Use: Potion            |       |       |     3 ||     3
   Stab: Sleeping          |     7 |     6 |     3 ||    16
         Distracted        |       |     1 |       ||     1
 Armour: Skin              |     6 |     7 |     4 ||    17
  Dodge: Dodged            |    43 |    61 |    73 ||   177

Table legend: (Time is in decaauts)
 A = Elapsed time spent in this place.
 B = Non-inter-level travel time spent in this place.
 C = Inter-level travel time spent in this place.
 D = Time resting spent in this place.
 E = Time spent auto-exploring this place.
 F = Levels seen in this place.
 G = Mean time per level.
                   A        B        C        D        E       F      G
               +--------+--------+--------+--------+--------+-----+--------+
         Total |   4380 |   4313 |     67 |     97 |   3203 |   6 |  730.0 |
       Dungeon |   3657 |   3590 |     67 |      2 |   2713 |   5 |  731.4 |
         Sewer |    722 |    722 |      0 |     95 |    490 |   1 |  722.0 |
               +--------+--------+--------+--------+--------+-----+--------+

Top non-repeatable levels by time:
     D:4: 1053 daAuts
     D:2: 800 daAuts
   Sewer: 722 daAuts
     D:1: 684 daAuts
     D:3: 678 daAuts
     D:5: 440 daAuts
